 Dungeon Crawl Stone Soup version 0.23.2-40-g277498a001 (webtiles) character file.

Game seed: 12414422478137376069

15208 CrazedAxUser the Severer (level 11, -2/99 HPs)
             Began as a Minotaur Berserker on Aug 25, 2019.
             Was a High Priest of Trog.
             Slain by a death yak (17 damage)
             ... on level 4 of the Lair of Beasts on Aug 26, 2019.
             The game lasted 01:05:30 (13095 turns).

CrazedAxUser the Severer (Minotaur Berserker)      Turns: 13095, Time: 01:05:30

Health: -2/99      AC: 19    Str: 24    XL:     11   Next: 98%
Magic:  19/19      EV:  8    Int:  4    God:    Trog [*****.]
Gold:   174        SH:  0    Dex: 12    Spells: 10/10 levels left

rFire    + . .     SeeInvis .   O - +0 battleaxe (venom)
rCold    + . .     Gourm    .   (shield currently unavailable)
rNeg     . . .     Faith    +   G - +1 plate armour {rC+}
rPois    +         Spirit   .   D - +0 hat
rElec    .         Reflect  .   k - +0 cloak "Resemiry" {Dex+6}
rCorr    .         Harm     .   r - +0 pair of gloves
MR       ++++.                  o - +0 pair of boots "Abir" {rF+ MR+ MP+9} (curse)
Stlth    ..........             P - amulet "Ytynlorchu" {Faith rPois Dex-5 Stlth+}
HPRegen  1.26/turn              (no ring)
MPRegen  0.16/turn              q - ring of protection from magic

@: regenerating
A: retaliatory headbutt, horns 2
a: Berserk, Trog's Hand, Brothers in Arms, Renounce Religion


You were on level 4 of the Lair of Beasts.
You worshipped Trog.
Trog was extremely pleased with you.
You were hungry.

You visited 3 branches of the dungeon, and saw 14 of its levels.
You also visited: Ossuary.

You collected 761 gold pieces.
You spent 587 gold pieces at shops.

Inventory:

Hand Weapons
 A - a +0 blowgun
 O - a +0 battleaxe of venom (weapon)
 R - a +2 trident
 T - a +0 morningstar
 V - a +2 antimagic battleaxe
Missiles
 e - 285 stones (quivered)
 g - 31 poisoned needles
 B - 3 tomahawks
Armour
 k - the +0 cloak "Resemiry" (worn) {Dex+6}
   (You found it on level 1 of the Lair of Beasts)

   It affects your dexterity (+6).
 o - the cursed +0 pair of boots "Abir" (worn) {rF+ MR+ MP+9}
   (You found it on level 4 of the Lair of Beasts)

   It protects you from fire.
   It affects your resistance to hostile enchantments.
   It affects your magic capacity (+9).
   It has a curse placed upon it.
 r - a +0 pair of gloves (worn)
 y - the +5 chain mail "Matiotuf" {rElec rCorr}
   (You found it on level 8 of the Dungeon)

   It insulates you from electricity.
   It provides partial protection from all sources of acid and corrosion.
 D - a +0 hat (worn)
 G - a +1 plate armour of cold resistance (worn)
 N - the +1 ring mail "Ybry" {Regen+}
   (You found it on level 6 of the Dungeon)

   It increases your rate of regeneration.
Jewellery
 q - a ring of protection from magic (right hand)
 I - an uncursed ring of fire
 P - the amulet "Ytynlorchu" (around neck) {Faith rPois Dex-5 Stlth+}
   (You found it on level 2 of the Lair of Beasts)

   [amulet of faith]

   It allows you to gain divine favour quickly.
   It affects your dexterity (-5).
   It protects you from poison.
   It makes you more stealthy.
Wands
 b - a wand of clouds (3)
 x - a wand of digging (9)
 U - a wand of iceblast (18)
Scrolls
 d - 8 scrolls of immolation
 f - 3 scrolls of fear {unknown}
 h - 2 scrolls of amnesia {unknown}
 j - 4 scrolls of teleportation
 p - 2 scrolls of fog {unknown}
 s - 13 scrolls of remove curse
 u - 2 scrolls of random uselessness {unknown}
 w - 7 scrolls of magic mapping {unknown}
 E - 2 scrolls of enchant weapon {unknown}
 J - 6 scrolls of enchant armour {unknown}
 M - 2 scrolls of blinking {unknown}
 S - 2 scrolls of identify
Potions
 a - 3 potions of degeneration {unknown}
 i - 2 potions of resistance {unknown}
 l - 5 potions of might
 m - 2 potions of cancellation {unknown}
 n - 3 potions of haste
 v - 3 potions of heal wounds
 z - 3 potions of flight
 C - 2 potions of brilliance {unknown}
 F - 2 potions of mutation {unknown}
 H - 6 potions of curing {unknown}
 K - a potion of invisibility {unknown}
 L - a potion of agility
 Q - a potion of ambrosia {unknown}
Miscellaneous
 t - a fan of gales (inert)
Comestibles
 c - 24 rations


   Skills:
 - Level 10.0 Fighting
 * Level 18.1 Axes
 + Level 9.6 Armour
 - Level 2.1 Dodging


You had 10 spell levels left.
You didn't know any spells.
Your spell library contained the following spells:

 Spells                   Type           Power        Failure   Level  Hunger
 Beastly Appendage        Tmut           #.....       100%        1    ##.....
 Sandblast                Erth           #.....       100%        1    ##.....
 Sting                    Conj/Pois      #...         100%        1    ##.....
 Passwall                 Tmut/Erth      #.......     100%        2    ###....
 Poisonous Vapours        Pois/Air       #.....       100%        2    ###....
 Sticks to Snakes         Tmut           #.......     100%        2    ###....
 Conjure Flame            Conj/Fire      #.......     100%        3    ####...
 Inner Flame              Hex/Fire       #.......     100%        3    ####...
 Mephitic Cloud           Conj/Pois/Air  #.......     100%        3    ####...
 Spider Form              Tmut/Pois      #.........   100%        3    ####...
 Stone Arrow              Conj/Erth      #.....       100%        3    ####...
 Ice Form                 Ice/Tmut       #.......     100%        4    #####..
 Leda's Liquefaction      Hex/Erth       #.........   100%        4    #####..
 Olgreb's Toxic Radiance  Pois           #.......     100%        4    #####..
 Petrify                  Tmut/Erth      #.......     100%        4    #####..
 Blade Hands              Tmut           #.........   100%        5    ######.
 Lee's Rapid Deconstruct  Erth           #.........   100%        5    ######.
 Venom Bolt               Conj/Pois      #.........   100%        5    ######.
 Statue Form              Tmut/Erth      #........    100%        6    #######


Dungeon Overview and Level Annotations

Branches:
Dungeon (9/15)             Temple (1/1) D:5            Lair (4/6) D:9
 Shoals (0/4) Lair:2       Spider (0/4) Lair:2          Orc (0/2) D:9

Altars:
Ashenzari
Cheibriados
Dithmenos
Elyvilon
Fedhas
Gozag
Hepliaklqana
Kikubaaqudgha
Makhleb
Nemelex Xobeh
Okawaru
Qazlal
Ru
Sif Muna
Trog
Uskayaw
Vehumet
Wu Jian
Xom
Yredelemnul
Zin
The Shining One

Shops:
D:9 :[*(


Innate Abilities, Weirdness & Mutations

You reflexively headbutt those who attack you in melee.
You have a pair of horns on your head.


Message History

Trog accepts your kill.
You slice the death yak!!
The death yak looks as sick as possible!
You headbutt the death yak!
The death yak is heavily wounded.
You hit the death yak.
The death yak is poisoned.
You hit the death yak but do no damage. The death yak gores you!
The death yak gores you but does no damage.
The death yak gores you!!
Unknown command.
You hit the death yak.
The death yak is moderately wounded.
You slash the death yak!
The death yak looks as sick as possible!
You hit the death yak but do no damage.
The death yak looks as sick as possible!
The death yak gores you! The death yak gores you!!
* * * LOW HITPOINT WARNING * * *
The death yak gores you!
You die...

###......## ##.....###
.... ....##. ##....#.#
#...##....#.. ##......#
#....#.......
##.....###
#...#........ ....[..##
##....#.......
^.......###.....P.....#
................YY...#
..#...<.........@Y...##
###...................#
#......#............##
#.....#.............#
###.....#............#
........#.............#
#.#..######.##.########
###### ##.### ##


You could see 3 death yaks.

Vanquished Creatures
  Erica (D:9)
  2 death yaks (Lair:4)
  An ice statue (D:9)
  A centaur zombie (D:7)
  2 black mambas (Lair:1)
  A torpor snail (Lair:3)
  3 spiny frogs
  A rime drake (Lair:3)
  3 komodo dragons
  4 blink frogs (Lair:1)
  A hornet (D:9)
  3 hippogriffs
  A wraith (D:7)
  Sigmund (D:3)
  3 yaks (Lair:3)
  A steam dragon (D:8)
  Menkaure (D:4)
  8 water moccasins
  8 porcupines
  2 ice beasts (D:8)
  2 sky beasts
  8 orc warriors
  Purgy (D:4)
  3 ogres
  10 wolves
  3 centaurs (Lair:2)
  3 crocodiles
  A big kobold (D:7)
  10 bullfrogs
  A water moccasin skeleton (D:6)
  7 scorpions (Ossuary)
  A killer bee (D:9)
  4 wights (D:8)
  A howler monkey (D:9)
  2 jellies (D:9)
  5 crimson imps
  A centaur skeleton (D:5)
  3 human zombies (Ossuary)
  A bullfrog skeleton (D:4)
  10 orc priests
  5 hounds
  7 orc wizards
  Crazy Yiuf (D:4)
  Jessica (D:3)
  Terence (D:3)
  Ijyb (D:3)
  3 iguanas
  3 worker ants
  4 big kobold zombies (Ossuary)
  3 mummies (Ossuary)
  A worker ant zombie (D:5)
  6 adders
  A howler monkey skeleton (D:5)
  4 scorpion zombies (Ossuary)
  2 shadow imps
  2 adder zombies
  2 dart slugs
  3 leopard geckos
  56 orcs
  A ball python (D:3)
  7 giant cockroaches
  2 gnoll zombies (Ossuary)
  9 goblins
  5 hobgoblins
  7 jackals (D:5)
  17 kobolds
  2 quokkas
  6 bats
  3 frilled lizards
  2 goblin zombies (Ossuary)
  3 hobgoblin zombies (Ossuary)
  2 kobold zombies (Ossuary)
  An orc zombie (Ossuary)
  9 rats
  2 fungi (Lair:1)
  2 plants
311 creatures vanquished.

Vanquished Creatures (others)
  A sky beast (D:9)
  5 fungi
6 creatures vanquished.

Grand Total: 317 creatures vanquished

Notes
Turn   | Place    | Note
-------+----------+-------------------------------------------
     0 | D:1      | CrazedAxUser the Minotaur Berserker began the quest for the
                  | Orb.
     0 | D:1      | Reached XP level 1. HP: 19/19 MP: 0/0
   284 | D:1      | Reached skill level 4 in Axes
   316 | D:1      | Reached XP level 2. HP: 23/27 MP: 1/1
   538 | D:1      | Reached ** piety under Trog
   840 | D:2      | Reached XP level 3. HP: 33/33 MP: 2/2
  1249 | D:3      | Reached skill level 5 in Axes
  1405 | D:3      | Reached XP level 4. HP: 41/41 MP: 3/3
  1621 | D:3      | Found a sacrificial altar of Ru.
  1628 | D:3      | Noticed Jessica
  1629 | D:3      | Found a hide-covered altar of Uskayaw.
  1643 | D:3      | Killed Jessica
  1656 | D:3      | Noticed Sigmund
  1700 | D:3      | Killed Sigmund
  1700 | D:3      | Reached skill level 5 in Fighting
  1700 | D:3      | Reached skill level 6 in Axes
  1700 | D:3      | Reached XP level 5. HP: 48/48 MP: 4/4
  1768 | D:3      | Reached skill level 7 in Axes
  1772 | D:3      | Noticed Ijyb
  1778 | D:3      | Reached XP level 6. HP: 52/56 MP: 5/5
  1787 | D:3      | Killed Ijyb
  1911 | D:3      | Noticed Terence
  1920 | D:3      | Killed Terence
  2121 | D:4      | Reached skill level 8 in Axes
  2430 | D:4      | Reached XP level 7. HP: 60/63 MP: 6/6
  2660 | D:4      | Reached *** piety under Trog
  2709 | D:4      | Found a runed translucent door.
  2710 | D:4      | Noticed Crazy Yiuf
  2718 | D:4      | Killed Crazy Yiuf
  2780 | D:4      | Found a blossoming altar of Fedhas.
  2875 | D:4      | Noticed Menkaure
  3181 | D:4      | Killed Menkaure
  3254 | D:4      | Reached skill level 9 in Axes
  3331 | D:4      | Noticed Purgy
  3337 | D:4      | Killed Purgy
  3636 | D:5      | Entered Level 5 of the Dungeon
  3664 | D:5      | Found a staircase to the Ecumenical Temple.
  3791 | D:5      | Reached XP level 8. HP: 51/73 MP: 7/7
  3839 | Temple   | Entered the Ecumenical Temple
  3996 | D:5      | Reached skill level 10 in Axes
  4533 | D:5      | Found a bloodstained altar of Trog.
  4698 | D:6      | Found a sand-covered staircase.
  4712 | D:6      | Reached **** piety under Trog
  4727 | Ossuary  | Entered an ossuary
  4807 | Ossuary  | Reached skill level 11 in Axes
  4807 | Ossuary  | Reached skill level 5 in Armour
  5080 | Ossuary  | Reached XP level 9. HP: 68/79 MP: 8/8
  5151 | D:6      | Reached skill level 12 in Axes
  5468 | D:6      | Got a warped ring mail
  5480 | D:6      | Identified the cursed +1 ring mail "Ybry" {Regen+} (You
                  | found it on level 6 of the Dungeon)
  5514 | D:6      | Found a burning altar of Makhleb.
  5615 | D:6      | Found a deep blue altar of Sif Muna.
  6101 | D:7      | Found a sparkling altar of Nemelex Xobeh.
  6143 | D:7      | Reached ***** piety under Trog
  6272 | D:7      | Reached skill level 13 in Axes
  6302 | D:7      | Found a glowing golden altar of the Shining One.
  6668 | D:8      | Got a pitted chain mail
  6679 | D:8      | Identified the +5 chain mail "Matiotuf" {rElec rCorr} (You
                  | found it on level 8 of the Dungeon)
  7068 | D:8      | Found a stormy altar of Qazlal.
  7155 | D:8      | Reached XP level 10. HP: 84/91 MP: 9/9
  7491 | D:8      | Reached skill level 14 in Axes
  7949 | D:9      | Found Kupaodoh's General Store.
  7953 | D:9      | Bought a potion of heal wounds for 75 gold pieces
  8011 | D:9      | Found Jeoryipi's Weapon Boutique.
  8019 | D:9      | Bought a +0 battleaxe of venom for 127 gold pieces
  8043 | D:9      | Received a gift from Trog
  8387 | D:9      | Found Nexisi's Armour Shoppe.
  8401 | D:9      | Noticed an ice statue
  8427 | D:9      | Killed an ice statue
  8500 | D:9      | Found Veclih's Book Shop.
  8504 | D:9      | Reached skill level 10 in Fighting
  8513 | D:9      | Found a staircase to the Lair.
  8519 | D:9      | Noticed Erica
  8524 | D:9      | Killed Erica
  8524 | D:9      | Reached skill level 15 in Axes
  9168 | D:9      | Found a staircase to the Orcish Mines.
  9281 | D:9      | Bought a +1 plate armour of cold resistance for 385 gold
                  | pieces
  9391 | Lair:1   | Entered Level 1 of the Lair of Beasts
  9391 | Lair:1   | Noticed a black mamba
  9391 | Lair:1   | Noticed a black mamba
  9397 | Lair:1   | Killed a black mamba
  9397 | Lair:1   | Reached skill level 16 in Axes
  9401 | Lair:1   | Killed a black mamba
  9555 | Lair:1   | Reached XP level 11. HP: 95/99 MP: 3/10
  9752 | Lair:1   | Got a shimmering cloak
  9763 | Lair:1   | Identified the cursed +0 cloak "Resemiry" {Dex+6} (You
                  | found it on level 1 of the Lair of Beasts)
 10850 | Lair:2   | Found a hole to the Spider Nest.
 10995 | Lair:2   | Reached skill level 17 in Axes
 11257 | Lair:2   | Found a staircase to the Shoals.
 11292 | Lair:2   | Got a slimy emerald amulet
 11294 | Lair:2   | Identified the amulet "Ytynlorchu" {Faith rPois Dex-5
                  | Stlth+} (You found it on level 2 of the Lair of Beasts)
 11510 | Lair:2   | Identified the Handbook of the Earthen Blaze
 12066 | Lair:3   | HP: 7/148 [wolf (5)]
 12067 | Lair:3   | HP: 3/148 [wolf (5)]
 12243 | Lair:3   | Received a gift from Trog
 13020 | Lair:4   | Got a pair of pitted boots
 13026 | Lair:4   | Identified the cursed +0 pair of boots "Abir" {rF+ MR+
                  | MP+9} (You found it on level 4 of the Lair of Beasts)
 13080 | Lair:4   | Noticed a death yak
 13082 | Lair:4   | Noticed a death yak
 13084 | Lair:4   | Noticed a death yak
 13084 | Lair:4   | Noticed a death yak
 13085 | Lair:4   | Noticed a death yak
 13092 | Lair:4   | Killed a death yak
 13092 | Lair:4   | Reached skill level 18 in Axes
 13093 | Lair:4   | Killed a death yak
 13095 | Lair:4   | Slain by a death yak

Skill      XL: |  1  2  3  4  5  6  7  8  9 10 11 |
---------------+----------------------------------+-----
Axes           | 4 5 6 7 8 9 11 13 16 18 | 18.1
Fighting       | 4 5 6 7 9 10 | 10.0
Armour         | 3 5 6 9 |  9.6
Dodging        | |  2.1

Action                   |  1- 3 |  4- 6 |  7- 9 | 10-12 || total
-------------------------+-------+-------+-------+-------++-------
Melee: Hand axe          |    86 |    66 |   308 |       ||   460
       Headbutt          |     9 |     8 |    83 |    71 ||   171
       War axe           |       |       |    82 |    81 ||   163
       Trident           |       |       |    12 |       ||    12
       Broad axe         |       |       |       |   253 ||   253
       Battleaxe         |       |       |       |    34 ||    34
Invok: Berserk           |     1 |     2 |     5 |     7 ||    15
       Trog's Hand       |       |     1 |     1 |     3 ||     5
Evoke: Fan of gales      |       |       |       |     1 ||     1
  Use: Scroll            |       |       |     6 |     3 ||     9
       Potion            |       |       |       |     1 ||     1
  Eat: Chunk             |     2 |     6 |    17 |    22 ||    47
       Ration            |       |       |     1 |     1 ||     2
Armor: Leather armour    |     4 |       |       |       ||     4
       Ring mail         |    26 |    19 |       |       ||    45
       Chain mail        |       |     8 |   138 |       ||   146
       Plate armour      |       |       |    18 |   160 ||   178
       Scale mail        |       |       |       |    23 ||    23
Dodge: Dodged            |    46 |    25 |   113 |   146 ||   330
